 Dungeon Crawl Stone Soup version 0.18.1-1-g2f07953 (webtiles) character file.

5182 Iflex the Nimble (level 10, -6/77 HPs)
             Began as a Merfolk Gladiator on Oct 7, 2016.
             Was an Elder of Okawaru.
             Killed by the air
             ... invoked by Gastronok
              (34 damage)
             ... on level 2 of the Lair of Beasts.
             The game lasted 00:53:00 (8701 turns).

Iflex the Nimble (Merfolk Gladiator)                Turns: 8701, Time: 00:53:01

Health: -6/77      AC:  8    Str: 19    XL:     10   Next: 60%
Magic:  11/11      EV: 22    Int:  8    God:    Okawaru [****..]
Gold:   233        SH:  0    Dex: 18    Spells: 0 memorised, 9 levels left

rFire  x . .     SeeInvis +     a - +1 trident
rCold  + + .     Gourm    .     y - +1 robe "Plog" {Dex+2}
rNeg   . . .     Faith    .     (no shield)
rPois  .         Spirit   .     h - +2 helmet
rElec  .         Dismiss  .     c - +1 cloak
rCorr  .         Reflect  .     (no gloves)
SustAt .         Harm     .     (no boots)
MR     ++...     Clarity  +     (no amulet)
Stlth  +++.......               n - ring of see invisible
                                g - ring of ice

@: very resistant to hostile enchantments, fairly stealthy
A: change form in water, swift swim, clarity, cold resistance 1, magic
resistance 2, regeneration 1, strong 1
a: Heroism, Renounce Religion


You were on level 2 of the Lair of Beasts.
You worshipped Okawaru.
Okawaru was greatly pleased with you.
You were not hungry.

You visited 3 branches of the dungeon, and saw 11 of its levels.

You collected 428 gold pieces.
You spent 195 gold pieces at shops.

Inventory:

Hand Weapons
 a - a +1 trident (weapon)
Armour
 b - a +0 leather armour
 c - a +1 cloak (worn)
 h - a +2 helmet (worn)
 y - the +1 robe "Plog" (worn) {Dex+2}
   (You found it on level 6 of the Dungeon)

   It affects your dexterity (+2).
Jewellery
 f - a +3 ring of intelligence
 g - a ring of ice (left hand)
 n - a ring of see invisible (right hand)
 J - an uncursed ring of flight
Wands
 d - a wand of iceblast (0/15)
 z - a wand of confusion (48/48)
 F - a wand of random effects (23/48)
Scrolls
 o - 3 scrolls of enchant weapon
 p - 6 scrolls of remove curse
 r - a scroll of enchant armour
 w - a scroll of amnesia
 C - a scroll of immolation {unknown}
 D - a scroll of random uselessness {unknown}
Potions
 e - 2 potions of agility
 i - 3 potions of berserk rage {unknown}
 j - 3 potions of flight
 l - a potion of resistance
 m - 2 potions of cancellation
 q - 4 potions of lignification
 s - 2 potions of heal wounds {unknown}
 A - 4 potions of curing
 G - a potion of invisibility {unknown}
 I - a potion of mutation {unknown}
Books
 x - a book of Clouds

   Spells                             Type                      Level
   a - Mephitic Cloud                 Conjuration/Poison/Air       3
   b - Conjure Flame                  Conjuration/Fire             3
   c - Poisonous Cloud                Conjuration/Poison/Air       6
   d - Freezing Cloud                 Conjuration/Ice/Air          6
   e - Ring of Flames                 Charms/Fire                  7
Miscellaneous
 B - a plain deck of wonders {drawn: 1}
 K - a plain deck of defence
Comestibles
 k - 3 slices of pizza
 t - 4 chunks of flesh
 u - 4 meat rations
 E - 5 bread rations


   Skills:
 + Level 6.8 Fighting
 + Level 11.0 Polearms
 + Level 5.2 Throwing
 + Level 1.6 Armour
 + Level 12.7 Dodging
 + Level 5.6 Stealth
 + Level 0.4 Invocations
 + Level 1.4 Evocations


You had 9 spell levels left.
You didn't know any spells.

Dungeon Overview and Level Annotations

Branches:
Dungeon (8/15)             Temple (1/1) D:4            Lair (2/8) D:8

Altars:
Ashenzari
Cheibriados
Dithmenos
Elyvilon
Fedhas
Kikubaaqudgha
Makhleb
Nemelex Xobeh
Okawaru
Ru
Trog
Vehumet
Xom
Yredelemnul
The Shining One

Shops:
D:4 =   D:6 :

Annotations:
D:5 Iflex's ghost, novice MfGl
Lair:2 Gastronok


Innate Abilities, Weirdness & Mutations

You revert to your normal form in water.
You are very nimble and swift while swimming.
You possess an exceptional clarity of mind.
Your flesh is cold resistant.
You are highly resistant to hostile enchantments.
Your natural rate of healing is unusually fast.
Your muscles are strong. (Str +2)


Message History

Zapping:
d - a wand of iceblast {zapped: 9} (will waste charges)
Press: ? - help, Shift-Dir - straight line, f/p - Gastronok
Aim: Gastronok, wearing a glowing hat (severely wounded, poisoned)
The mass of ice explodes!
The iceblast engulfs Gastronok.
Gastronok is severely wounded.
Evoking this partially-identified wand wasted a few charges.
Zapping:
d - a wand of iceblast {zapped: 12} (will waste charges)
Press: ? - help, Shift-Dir - straight line, f/p - Gastronok
Aim: Gastronok, wearing a glowing hat (severely wounded, poisoned) Nothing appears to happen.
Zapping:
F - a wand of random effects (will waste charges)
Press: ? - help, Shift-Dir - straight line, f/p - Gastronok
Aim: Gastronok, wearing a glowing hat (severely wounded, poisoned) Gastronok flickers and vanishes for a moment.
Evoking this partially-identified wand wasted a few charges.
Gastronok waves his eye-stalks in wide circles.
The air twists around and strikes you!
Gastronok waves his eye-stalks in wide circles.
The air twists around and strikes you!
You die...

###...#...)...........#
####....##.#.............#.
##.P....########.......<....
#......#### ####.........
##....#.#.# ##........
#...#......##### ####.....
...###.....(..#.##### ##....
#. #.†..#......##.## .##. .
#...###.@.......####### #
##...######.w......P##
#....# ##.......P.. #....#
##.P##((... #....# #### #(..
#....# # ......# ....#..#
#.#.#...


You could see Gastronok (invisible).

Vanquished Creatures
  2 spiny frogs (Lair:1)
  4 blink frogs (Lair:1)
  A spriggan (D:7)
  A yak (Lair:2)
  3 hippogriffs
  Edmund (D:4)
  A naga (D:5)
  A water moccasin (D:6)
  A porcupine (Lair:1)
  3 sky beasts
  4 orc warriors
  A phantom (D:4)
  An ice beast (D:7)
  2 ogres
  2 centaurs (D:6)
  A crocodile (Lair:2)
  6 giant frogs
  4 killer bees (D:7)
  2 vampire bats (D:4)
  5 howler monkeys
  A centaur zombie (D:6)
  2 hounds (D:4)
  7 orc wizards
  3 orc priests
  A centaur skeleton (D:7)
  2 giant frog skeletons
  5 iguanas
  5 worker ants
  A hound skeleton (D:6)
  11 adders
  2 oozes (D:6)
  An adder skeleton (D:5)
  An adder zombie (D:7)
  4 worms
  4 dart slugs
  4 giant geckos
  20 orcs
  A bat skeleton (D:4)
  4 bat zombies (D:4)
  10 giant cockroaches
  3 goblins
  2 hobgoblins (D:2)
  8 jackals
  3 quokkas
  3 bats
  4 giant newts
  2 jackal skeletons (D:4)
  3 kobolds
  8 rats
  A butterfly (D:7)
172 creatures vanquished.

Vanquished Creatures (others)
  A fungus (Lair:1)
1 creature vanquished.

Grand Total: 173 creatures vanquished

Notes
Turn   | Place    | Note
--------------------------------------------------------------
     0 | D:1      | Iflex the Merfolk Gladiator began the quest for the Orb.
     0 | D:1      | Reached XP level 1. HP: 16/16 MP: 1/1
   266 | D:1      | Reached XP level 2. HP: 23/23 MP: 2/2
   600 | D:2      | Reached XP level 3. HP: 18/28 MP: 3/3
   739 | D:2      | Reached skill level 5 in Polearms
   932 | D:2      | Found a faded altar to an unknown god.
  1268 | D:2      | Found a glowing golden altar of the Shining One.
  1338 | D:3      | Reached XP level 4. HP: 24/34 MP: 4/4
  1409 | D:3      | Found a sacrificial altar of Ru.
  1520 | D:3      | Reached skill level 5 in Dodging
  2061 | D:4      | Found a snail-covered altar of Cheibriados.
  2063 | D:4      | Found a burning altar of Makhleb.
  2065 | D:4      | Found a radiant altar of Vehumet.
  2115 | D:4      | Found a staircase to the Ecumenical Temple.
  2115 | D:4      | Noticed Edmund
  2116 | D:4      | Found a sparkling altar of Nemelex Xobeh.
  2144 | D:4      | Noticed an ogre
  2149 | D:4      | Killed an ogre
  2149 | D:4      | Reached skill level 1 in Armour
  2149 | D:4      | Reached skill level 1 in Stealth
  2149 | D:4      | Reached XP level 5. HP: 13/41 MP: 5/5
  2428 | D:4      | Found Issasch's Jewellery Emporium.
  2479 | D:4      | Killed Edmund
  2479 | D:4      | Reached XP level 6. HP: 16/48 MP: 6/6
  2719 | D:5      | Entered Level 5 of the Dungeon
  2962 | D:6      | Reached skill level 6 in Dodging
  2994 | D:6      | Found a basalt altar of Yredelemnul.
  3008 | D:6      | Noticed an orc warrior
  3053 | D:6      | Got a heavy robe
  3326 | D:4      | Bought an uncursed ring of see invisible for 195 gold pieces
  3336 | D:4      | Identified the +1 robe "Plog" {Dex+2} (You found it on level 6 of the Dungeon)
  3454 | Temple   | Entered the Ecumenical Temple
  3475 | Temple   | Became a worshipper of Warmaster Okawaru
  3605 | D:4      | Reached XP level 7. HP: 37/54 MP: 7/7
  3610 | D:4      | Found an ancient bone altar of Kikubaaqudgha.
  3932 | D:4      | Found a shadowy altar of Dithmenos.
  3953 | D:4      | Reached skill level 7 in Dodging
  4162 | D:5      | Noticed Iflex's ghost (novice MfGl)
  4176 | D:5      | Noticed Kunul
  4718 | D:5      | Killed Kunul the naga
  4945 | D:6      | Reached XP level 8. HP: 56/61 MP: 8/8
  5195 | D:6      | Reached * piety under Okawaru
  5199 | D:6      | Gained mutation: Your flesh is cold resistant. [mutagenic meat]
  5201 | D:6      | Gained mutation: Your muscles are strong. (Str +2) [mutagenic meat]
  5202 | D:6      | Gained mutation: You possess an exceptional clarity of mind. [mutagenic meat]
  5203 | D:6      | Gained mutation: Your natural rate of healing is unusually fast. [mutagenic meat]
  5270 | D:6      | Reached skill level 8 in Dodging
  5390 | D:6      | Found a bloodstained altar of Trog.
  5610 | D:6      | Found Qergh's Book Shoppe.
  5800 | D:6      | Reached skill level 5 in Fighting
  5800 | D:6      | Reached skill level 9 in Dodging
  6204 | D:7      | Reached ** piety under Okawaru
  6204 | D:7      | Reached XP level 9. HP: 68/68 MP: 9/9
  6313 | D:7      | Reached skill level 10 in Dodging
  6561 | D:7      | Found a shimmering altar of Xom.
  6674 | D:7      | Gained mutation: You are resistant to hostile enchantments. [mutagenic meat]
  6675 | D:7      | Gained mutation: You are highly resistant to hostile enchantments. [mutagenic meat]
  6727 | D:7      | Reached skill level 11 in Dodging
  6869 | D:7      | Found a blossoming altar of Fedhas.
  7021 | D:8      | Reached skill level 5 in Stealth
  7153 | D:7      | Reached *** piety under Okawaru
  7249 | D:7      | Reached skill level 10 in Polearms
  7565 | D:8      | Found a staircase to the Lair.
  7576 | Lair:1   | Entered Level 1 of the Lair of Beasts
  7766 | Lair:1   | Reached skill level 12 in Dodging
  7766 | Lair:1   | Reached XP level 10. HP: 70/76 MP: 10/10
  7915 | Lair:1   | Reached **** piety under Okawaru
  8043 | Lair:1   | Noticed a spiny frog
  8058 | Lair:1   | Killed a spiny frog
  8441 | Lair:1   | Reached skill level 1 in Evocations
  8442 | Lair:1   | Noticed a spiny frog
  8450 | Lair:1   | Killed a spiny frog
  8601 | Lair:2   | Reached skill level 5 in Throwing
  8673 | Lair:2   | Noticed Gastronok
  8701 | Lair:2   | Killed from afar by Gastronok

Skill      XL: |  1  2  3  4  5  6  7  8  9 10 |
---------------+-------------------------------+-----
Polearms       | 5 6 7 8 10 11 | 11.0
Dodging        | 5 6 7 9 12 | 12.7
Fighting       | 3 4 5 6 |  6.8
Armour         | 1 |  1.6
Stealth        | 1 2 3 4 5 |  5.6
Throwing       | 3 5 |  5.2
Evocations     | 1 |  1.4
Invocations    | |  0.4

Action                   |  1- 3 |  4- 6 |  7- 9 | 10-12 || total
-------------------------+-------+-------+-------+-------++-------
Melee: Trident           |    81 |   167 |   564 |    66 ||   878
       Tailslap          |       |     3 |       |       ||     3
Throw: Throwing net      |     2 |     5 |     5 |       ||    12
       Javelin           |       |     5 |    24 |    21 ||    50
       Tomahawk          |       |       |     4 |    19 ||    23
Invok: Heroism           |       |       |     2 |       ||     2
Evoke: Wand              |       |       |     4 |    10 ||    14
       Deck              |       |       |     1 |       ||     1
  Use: Scroll            |     6 |     4 |     4 |     5 ||    19
       Potion            |       |     2 |     3 |       ||     5
 Stab: Sleeping          |     2 |     5 |     6 |       ||    13
       Held in net/web   |     2 |     1 |     1 |       ||     4
       Distracted        |       |       |     3 |       ||     3
       Confused          |       |       |     3 |     2 ||     5
  Eat: Chunk             |     1 |     1 |    10 |     1 ||    13
       Bread ration      |       |     2 |     1 |       ||     3
       Meat ration       |       |       |     2 |       ||     2
Armor: Leather armour    |    18 |    27 |       |       ||    45
       Robe              |       |    10 |   118 |     7 ||   135
Dodge: Dodged            |    42 |   139 |   490 |    52 ||   723
